General information
			
			
        
        - name: BNet
 
        - type: Ladder 1vs1/FFA
 
        - host: Battle.net
 
        - saver: DirtMcGirt
 
        
map: LostTemple 
        - players: 2
 
        - length: 11:51
 
        - speed: Fast
 - version: 1.22 W3XP
 - replay type:  Public
 
» download(40 KB)
Players
        team 1 (winner) 
              
              
» 
DirtMcGirt (
blue | 86 APM | 1016 actions | 11:51)
              
 3 Blademaster 
 2 Wind Walk
 1 Critical Strike
 3 Shadow Hunter 
 2 Hex
 1 Healing Wave
 
                » actions 
                
                | Assign group hotkey | 10 |  | 
| Build / train | 31 |  | 
| Enter build submenu | 12 |  | 
| Enter hero's abilities submenu | 8 |  | 
| Give item / drop item | 1 |  | 
| Right click | 530 |  | 
| Select / deselect | 308 |  | 
| Select group hotkey | 79 |  | 
| Use ability | 37 |  | 
                1016 total
 » units 
                » upgrades
                
                | Berserker Strength | 1 |  | 
| Armor | 1 |  | 
| Ensnare | 1 |  | 
| Pillage | 1 |  | 
                4 total
 » buildings
                
                | Altar of Storms | 1 |  | 
| Orc Burrow | 4 |  | 
| Barracks | 1 |  | 
| Stronghold | 1 |  | 
| Voodoo Lounge | 1 |  | 
| War Mill | 1 |  | 
| Beastiary | 2 |  | 
| Great Hall | 1 |  | 
                12 total
 » build order
                00:08 Altar of Storms
00:17 Orc Burrow
00:29 Barracks
01:49 Orc Burrow
02:44 Stronghold
03:48 Voodoo Lounge
04:19 Orc Burrow
06:17 War Mill
08:18 Beastiary
08:19 Beastiary
09:10 Orc Burrow
11:29 Great Hall
» items
                
                | Potion of Mana | 1 |  | 
| Scroll of Town Portal | 1 |  | 
                2 total
  
               team 2 (loser) 
              
              
LeMalkav (
red | 96 APM | 1134 actions | 11:49)
              
 1 Demon Hunter 
 1 Immolation
 1 Keeper of the Grove 
 1 Entangling Roots
 
                » actions 
                
                | Assign group hotkey | 22 |  | 
| Basic commands | 43 |  | 
| Build / train | 41 |  | 
| Enter build submenu | 17 |  | 
| Enter hero's abilities submenu | 2 |  | 
| Remove unit from queue | 1 |  | 
| Right click | 504 |  | 
| Select / deselect | 248 |  | 
| Select group hotkey | 228 |  | 
| Use ability | 28 |  | 
                1134 total
 » units 
                
                | Wisp | 18 |  | 
| Archer | 6 |  | 
| Dryad | 9 |  | 
| Druid of the Claw | 1 |  | 
                34 total
 » upgrades
                » buildings
                
                | Altar of Elders | 1 |  | 
| Moon Well | 6 |  | 
| Ancient of War | 1 |  | 
| Tree of Ages | 1 |  | 
| Hunter's Hall | 1 |  | 
| Ancient of Lore | 2 |  | 
| Ancient Protector | 2 |  | 
                14 total
 » build order
                00:06 Altar of Elders
00:19 Moon Well
00:51 Ancient of War
01:37 Moon Well
02:35 Moon Well
03:20 Tree of Ages
03:46 Moon Well
04:09 Hunter's Hall
05:48 Ancient of Lore
05:56 Moon Well
06:42 Ancient of Lore
09:09 Moon Well
10:17 Ancient Protector
11:01 Ancient Protector
 
                Chat log
          (00:18 / All) DirtMcGirt: gl hf
(00:27 / All) LeMalkav: thx im nub :D 4th match :D
(00:31 / All) DirtMcGirt: 2nd one
(00:32 / All) DirtMcGirt: for me
(00:36 / All) LeMalkav: nice ^^!
(00:39 / All) DirtMcGirt: no offense
(00:41 / All) DirtMcGirt: but i hope i win